 Dungeon Sprint DCSS version 0.31-a0-841-g038b102fc3 (webtiles) character file.

Game seed: 938160069323058355

464 sircluck the Grappler (level 6, 0/106 HPs)
             Began as a Troll Berserker on Sept 27, 2023.
             Was a Follower of Trog.
             Slain by a demonic crawler (6 damage)
             ... in the Dungeon (Sprint VII: "The Pits").
             The game lasted 00:00:41 (117 turns).

sircluck the Grappler (Troll Berserker)              Turns: 117, Time: 00:00:42

Health: 0/106      AC:  4    Str: 28    XL:     6   Next: 80%
Magic:  5/5        EV: 11    Int:  3    God:    Trog [*.....]
Gold:   0          SH:  0    Dex:  9    Spells: 5/5 levels left

rFire   . .          .
                       - Unarmed
rCold   . . .        (no shield)
rNeg    . . .        a - +0 animal skin
rPois   .            (helmet restricted)
rElec   .            (no cloak)
rCorr   .            (gloves unavailable)
SInv    .            (boots unavailable)
Will    .....        (no amulet) Stlth
                     (no ring)
HPRegen 1.17/turn    (no ring)
MPRegen 0.09/turn

%: no teleportation
@: berserking, very quick
A: large, unfitting armour, claws 3, regeneration 1, shaggy fur 1, tough skin 1
a: Renounce Religion, Berserk


You were in the Dungeon.
You worshipped Trog.
Trog was aware of your devotion.
You visited 1 branch

Inventory:

Missiles
 h - 3 large rocks
Armour
 a - a +0 animal skin (worn)
Scrolls
 g - a scroll of blinking
Potions
 b - a potion of curing
 c - a potion of heal wounds
 d - a potion of haste
 e - 2 potions of magic
 f - a potion of berserk rage


   Skills:
 + Level 7.6 Fighting
 + Level 7.5 Dodging
 + Level 9.0 Unarmed Combat


You had 5 spell levels left.
You didn't know any spells.
Your spell library was empty.

Dungeon Overview and Level Annotations

Branches:
Dungeon (1/1)

Altars:


Innate Abilities, Weirdness & Mutations

You are too large for most types of armour.
You have claws for hands.
Your natural rate of healing is unusually fast.
You are covered in fur. (AC +1)
You have tough skin. (AC +1)


Message History

The demonic crawler closely misses you. The demonic crawler hits you!
You scratch the demonic crawler but do no damage.
You claw the demonic crawler!
The demonic crawler is moderately wounded.
The demonic crawler misses you. The demonic crawler hits you!
The demonic crawler hits you but does no damage.
You scratch the demonic crawler.
The demonic crawler is moderately wounded.
The demonic crawler closely misses you.
The demonic crawler hits you but does no damage.
The demonic crawler hits you.
You barely miss the demonic crawler.
The demonic crawler is lightly wounded.
The demonic crawler hits you! The demonic crawler hits you.
The demonic crawler hits you!
You scratch the demonic crawler.
The demonic crawler is lightly wounded.
The demonic crawler hits you! The demonic crawler hits you.
The demonic crawler hits you!
* * * LOW HITPOINT WARNING * * *
You mangle the demonic crawler!!
The demonic crawler is moderately wounded.
Unknown command.
Unknown command.
You claw the demonic crawler!
The demonic crawler is severely wounded.
The demonic crawler hits you but does no damage. x2
The demonic crawler hits you!
* * * LOW HITPOINT WARNING * * *
Unknown command.
Unknown command.
You claw the demonic crawler!
The demonic crawler is severely wounded.
The demonic crawler barely misses you. The demonic crawler closely misses you.
The demonic crawler hits you.
* * * LOW HITPOINT WARNING * * *
You claw the demonic crawler!
The demonic crawler is severely wounded.
The demonic crawler hits you.
You die...

..# ######### ..#
....##..# ..#
....##..# ..#
....''..# ..#
....''†.##########..#
....##...........s..#
....##..........@p..#
#####################


You could see a demonic crawler and a wizard.

Vanquished Creatures
  A cyclops (D)
  A floating eye (D)
2 creatures vanquished.

Notes
Turn   | Place    | Note
-------+----------+-------------------------------------------
     0 | D        | sircluck the Troll Berserker began the quest for the Orb.
     0 | D        | Reached XP level 1. HP: 22/22 MP: 0/0
    24 | D        | Noticed a floating eye
    28 | D        | Paralysed by a floating eye for 3 turns
    33 | D        | Killed a floating eye
    34 | D        | Reached skill level 5 in Unarmed Combat
    34 | D        | Reached XP level 2. HP: 33/33 MP: 1/1
    34 | D        | Reached XP level 3. HP: 41/41 MP: 2/2
    34 | D        | Reached XP level 4. HP: 49/49 MP: 3/3
    36 | D        | Noticed a cyclops
    54 | D        | Killed a cyclops
    55 | D        | Reached skill level 9 in Unarmed Combat
    55 | D        | Reached XP level 5. HP: 62/62 MP: 4/4
    55 | D        | Reached XP level 6. HP: 71/71 MP: 5/5
   106 | D        | Noticed a wizard
   106 | D        | Noticed a demonic crawler
   117 | D        | Slain by a demonic crawler

Illustrated notes

Levels and vault maps discovered:
D:        pitsprint [storerooms_1, entrance_room_1, metal_vault_2, armoury_2,
          mini_pit_1, grid_room_1, main_hall_1, silver_pit, the_coven_2,
          the_vestibule_1, steel_vault_1, golden_pit, hallway_of_sentries,
          crystal_vault_4, iron_vault_4, final_vault]

Skill      XL: |  1  2  3  4 |
---------------+-------------+-----
Fighting       | 4 7 |  7.6
Dodging        | 4 7 |  7.5
Unarmed Combat | 5 9 |  9.0

Action                     |  1- 3 |  4- 6 || total
---------------------------+-------+-------++-------
  Melee: Unarmed           |     1 |    14 ||    15
         Punch             |     1 |       ||     1
 Invoke: Berserk           |       |     2 ||     2
 Armour: Animal skin       |       |    18 ||    18
  Dodge: Dodged            |       |     7 ||     7

Table legend: (Time is in decaauts)
 A = Elapsed time spent in this place.
 B = Non-inter-level travel time spent in this place.
 C = Inter-level travel time spent in this place.
 D = Time resting spent in this place.
 E = Time spent auto-exploring this place.
 F = Levels seen in this place.
 G = Mean time per level.
                   A        B        C        D        E       F      G
               +--------+--------+--------+--------+--------+-----+--------+
         Total |    122 |    122 |      0 |     56 |      0 |   1 |  122.0 |
       Dungeon |    122 |    122 |      0 |     56 |      0 |   1 |  122.0 |
               +--------+--------+--------+--------+--------+-----+--------+

Top non-repeatable levels by time:
       D: 122 daAuts
